[ AOE2 MATCH · #459458020 ]
Team EWFranks vs Japanese
[ REPLAY ANALYSIS · EXTRACTED FROM THE RECORDED GAME ]
Feudal
—
Castle
8:56
Imperial
20:15
| APM avg | 27.1 |
| APM peak | 77 |
| eAPM avg | 24.0 |
| Villagers / military | 119 / 590 |
Focus
⚔️ 68.0% · 🌾 32.0%
Scout Cavalry ×241 · Knight ×171 · Skirmisher ×154 · Trebuchet (Packed) ×12 · Scorpion ×10 · Battering Ram ×2
Feudal
—
Castle
7:47
Imperial
31:33
| APM avg | 20.8 |
| APM peak | 54 |
| eAPM avg | 11.9 |
| Villagers / military | 181 / 364 |
Focus
⚔️ 35.6% · 🌾 64.4%
Spearman ×256 · Knight ×59 · Throwing Axeman ×33 · Fishing Ship ×17 · Monk ×8 · Scout Cavalry ×3
Feudal
—
Castle
11:01
Imperial
26:15
| APM avg | 23.8 |
| APM peak | 61 |
| eAPM avg | 17.2 |
| Villagers / military | 56 / 445 |
Focus
⚔️ 59.1% · 🌾 40.9%
Steppe Lancer ×319 · Skirmisher ×70 · Cavalry Archer ×35 · Fishing Ship ×16 · Kipchak ×15 · Trade Cart ×9
Feudal
—
Castle
8:33
Imperial
18:48
| APM avg | 16.7 |
| APM peak | 48 |
| eAPM avg | 13.2 |
| Villagers / military | 94 / 285 |
Focus
⚔️ 41.8% · 🌾 58.2%
Spearman ×157 · Gbeto ×87 · Mangonel ×23 · Trade Cart ×20 · Fishing Ship ×10 · Bombard Cannon ×9
Feudal
—
Castle
—
Imperial
—
| APM avg | 12.8 |
| APM peak | 32 |
| eAPM avg | 7.9 |
| Villagers / military | 19 / 143 |
Focus
⚔️ 54.1% · 🌾 45.9%
Konnik ×84 · Skirmisher ×20 · Knight ×15 · Petard ×12 · Fire Galley ×4 · Scout Cavalry ×4
Feudal
—
Castle
12:23
Imperial
24:56
| APM avg | 15.7 |
| APM peak | 52 |
| eAPM avg | 12.8 |
| Villagers / military | 60 / 1 |
Focus
⚔️ 57.3% · 🌾 42.7%
Unknown (2586) ×181 · Unknown (2550) ×95 · Trade Cart ×27 · Fishing Ship ×3 · Monk ×1
Feudal
—
Castle
14:23
Imperial
36:24
| APM avg | 19.1 |
| APM peak | 50 |
| eAPM avg | 14.1 |
| Villagers / military | 108 / 275 |
Focus
⚔️ 52.5% · 🌾 47.5%
Karambit Warrior ×267 · Fishing Ship ×18 · Spearman ×8
Feudal
—
Castle
7:20
Imperial
32:56
| APM avg | 12.8 |
| APM peak | 41 |
| eAPM avg | 10.5 |
| Villagers / military | 78 / 89 |
Focus
⚔️ 36.6% · 🌾 63.4%
Samurai ×65 · Battering Ram ×20 · Fishing Ship ×12 · Spearman ×4
Match map
Initial resources + every placement click. Lines = walls · curves = elevation contours. ◆ gold · ⬟ stone · ● berries · ✦ relic · ◌ wall gap
Your base· Open — unwalled flank
OLIV3's base· Open — unwalled flank
Advi's base· Open — unwalled flank
KLEGE_MOULIKO's base· Open — 14t gap
PerkyCake117159's base· Open — unwalled flank
Sir Rubo's base· Open — unwalled flank
andreslcastrom's base· Open — 5t gap
Balaputeradewa's base· Open — 4t gap
Smoothed initial terrain · ◌ = detected wall gap · hover for details
Inputs per minute
— Red - - OLIV3
Build order — Red
First 150 of 914 actions detected
| 0:16 | Create | Villager (Male) |
| 0:16 | Create | Villager (Male) |
| 0:17 | Create | Villager (Male) |
| 0:17 | Create | Villager (Male) |
| 0:17 | Create | Villager (Male) |
| 0:17 | Create | Villager (Male) |
| 0:38 | Build | House |
| 0:56 | Build | Farm |
| 1:11 | Build | Stable |
| 1:42 | Build | Farm |
| 1:50 | Build | Farm |
| 2:08 | Build | Farm |
| 2:14 | Create | Scout Cavalry |
| 2:14 | Create | Scout Cavalry |
| 2:19 | Research | Double-Bit Axe |
| 2:24 | Create | Villager (Male) |
| 2:24 | Create | Villager (Male) |
| 2:24 | Create | Villager (Male) |
| 2:50 | Build | Farm |
| 2:54 | Build | Farm |
| 3:01 | Build | Farm |
| 3:06 | Build | Farm |
| 3:08 | Create | Villager (Male) |
| 3:09 | Create | Villager (Male) |
| 3:28 | Build | House |
| 3:44 | Build | Stone Wall |
| 3:58 | Build | Stone Wall |
| 4:03 | Build | Stone Wall |
| 4:10 | Build | Stone Wall |
| 4:16 | Build | Stone Wall |
| 4:22 | Create | Scout Cavalry |
| 4:22 | Create | Scout Cavalry |
| 4:25 | Create | Villager (Male) |
| 4:25 | Create | Villager (Male) |
| 4:41 | Build | Mining Camp |
| 5:34 | Build | Stone Wall |
| 5:38 | Build | Stone Wall |
| 6:03 | Build | Gate |
| 6:08 | Create | Villager (Male) |
| 6:08 | Create | Villager (Male) |
| 6:09 | Create | Villager (Male) |
| 6:13 | Research | Castle Age |
| 6:30 | Build | House |
| 6:34 | Build | House |
| 6:51 | Research | Stone Mining |
| 7:05 | Research | Scale Barding Armor |
| 7:48 | Build | Stable |
| 8:13 | Build | House |
| 8:15 | Build | House |
| 8:21 | Build | House |
| 8:40 | Create | Villager (Male) |
| 8:40 | Create | Villager (Male) |
| 8:40 | Create | Villager (Male) |
| 8:41 | Create | Villager (Male) |
| 8:41 | Create | Villager (Male) |
| 8:41 | Research | Wheelbarrow |
| 8:56 | Age | Castle Age |
| 9:05 | Build | Town Center |
| 9:15 | Build | Town Center |
| 9:37 | Build | Town Center |
| 9:43 | Create | Villager (Male) |
| 9:44 | Create | Villager (Male) |
| 9:44 | Create | Villager (Male) |
| 9:44 | Create | Villager (Male) |
| 9:58 | Create | Villager (Male) |
| 9:59 | Create | Villager (Male) |
| 9:59 | Create | Villager (Male) |
| 10:01 | Create | Villager (Male) |
| 10:01 | Create | Villager (Male) |
| 10:04 | Build | Farm |
| 11:28 | Create | Villager (Male) |
| 11:28 | Create | Villager (Male) |
| 11:28 | Create | Villager (Male) |
| 11:29 | Create | Villager (Male) |
| 11:29 | Create | Villager (Male) |
| 11:29 | Create | Villager (Male) |
| 11:30 | Create | Villager (Male) |
| 11:36 | Build | House |
| 11:43 | Build | House |
| 12:11 | Build | Farm |
| 12:12 | Build | Farm |
| 12:13 | Build | Farm |
| 12:13 | Build | Farm |
| 12:13 | Build | Farm |
| 12:13 | Build | Farm |
| 12:14 | Build | Farm |
| 12:14 | Build | Farm |
| 12:18 | Build | Farm |
| 12:19 | Build | Farm |
| 12:19 | Build | Farm |
| 12:20 | Build | Farm |
| 12:20 | Build | Farm |
| 12:20 | Build | Farm |
| 12:20 | Build | Farm |
| 12:21 | Build | Farm |
| 12:21 | Build | Farm |
| 12:23 | Create | Villager (Male) |
| 12:23 | Create | Villager (Male) |
| 12:24 | Create | Villager (Male) |
| 12:24 | Create | Villager (Male) |
| 12:24 | Create | Villager (Male) |
| 12:24 | Create | Villager (Male) |
| 12:30 | Create | Villager (Male) |
| 12:30 | Create | Villager (Male) |
| 12:30 | Create | Villager (Male) |
| 12:31 | Create | Villager (Male) |
| 12:47 | Build | Stone Wall |
| 12:53 | Create | Villager (Male) |
| 12:53 | Create | Villager (Male) |
| 12:54 | Create | Villager (Male) |
| 12:54 | Create | Villager (Male) |
| 13:10 | Build | Lumber Camp |
| 13:39 | Research | Bow Saw |
| 13:59 | Create | Villager (Male) |
| 14:00 | Create | Villager (Male) |
| 14:00 | Create | Villager (Male) |
| 14:00 | Create | Villager (Male) |
| 14:00 | Create | Villager (Male) |
| 14:00 | Create | Villager (Male) |
| 14:00 | Create | Villager (Male) |
| 14:21 | Build | Castle |
| 14:25 | Create | Villager (Male) |
| 14:25 | Create | Villager (Male) |
| 14:25 | Create | Villager (Male) |
| 14:25 | Create | Villager (Male) |
| 14:25 | Create | Villager (Male) |
| 14:26 | Create | Villager (Male) |
| 14:26 | Create | Villager (Male) |
| 14:26 | Create | Villager (Male) |
| 14:41 | Create | Villager (Male) |
| 14:42 | Create | Villager (Male) |
| 14:42 | Create | Villager (Male) |
| 14:43 | Create | Villager (Male) |
| 14:57 | Build | Mill |
| 14:58 | Build | Farm |
| 14:59 | Build | Farm |
| 14:59 | Build | Farm |
| 14:59 | Build | Farm |
| 15:00 | Build | Farm |
| 15:00 | Build | Farm |
| 15:00 | Build | Farm |
| 15:00 | Build | Farm |
| 15:01 | Build | Farm |
| 15:03 | Create | Villager (Male) |
| 15:03 | Create | Villager (Male) |
| 15:04 | Create | Villager (Male) |
| 15:04 | Create | Villager (Male) |
| 15:04 | Create | Villager (Male) |
| 15:04 | Create | Villager (Male) |
| 15:28 | Create | Villager (Male) |
Build order — OLIV3
First 150 of 361 actions detected
| 0:08 | Create | Villager (Male) |
| 0:08 | Create | Villager (Male) |
| 0:09 | Create | Villager (Male) |
| 0:49 | Build | Dock |
| 0:53 | Create | Villager (Male) |
| 1:01 | Research | Double-Bit Axe |
| 1:16 | Build | House |
| 1:18 | Build | House |
| 1:20 | Build | House |
| 1:41 | Create | Fishing Ship |
| 1:41 | Create | Fishing Ship |
| 1:42 | Create | Fishing Ship |
| 1:52 | Create | Villager (Male) |
| 1:52 | Create | Villager (Male) |
| 2:17 | Build | Dock |
| 2:23 | Create | Villager (Male) |
| 2:44 | Build | House |
| 2:46 | Build | House |
| 2:52 | Create | Villager (Male) |
| 3:03 | Create | Fishing Ship |
| 3:03 | Create | Fishing Ship |
| 3:31 | Build | Stable |
| 4:08 | Build | House |
| 4:10 | Build | House |
| 4:13 | Build | House |
| 4:17 | Create | Villager (Male) |
| 4:18 | Create | Villager (Male) |
| 4:25 | Create | Fishing Ship |
| 4:35 | Create | Fishing Ship |
| 4:46 | Create | Scout Cavalry |
| 4:52 | Research | Castle Age |
| 5:21 | Build | Farm |
| 5:24 | Build | Farm |
| 5:26 | Build | Farm |
| 5:27 | Build | Farm |
| 5:28 | Build | Farm |
| 5:28 | Build | Farm |
| 5:47 | Build | Mining Camp |
| 6:12 | Build | Stone Wall |
| 6:24 | Build | House |
| 6:25 | Build | House |
| 6:27 | Build | House |
| 6:43 | Build | House |
| 6:47 | Build | House |
| 7:00 | Create | Fire Galley |
| 7:12 | Build | Archery Range |
| 7:23 | Create | Fire Galley |
| 7:39 | Build | Stone Wall |
| 7:46 | Build | Stone Wall |
| 7:47 | Age | Castle Age |
| 7:58 | Build | Mining Camp |
| 8:02 | Create | Villager (Male) |
| 8:02 | Create | Villager (Male) |
| 8:03 | Create | Villager (Male) |
| 8:15 | Build | Mining Camp |
| 8:32 | Create | Skirmisher |
| 8:33 | Create | Skirmisher |
| 8:33 | Create | Skirmisher |
| 8:36 | Research | Elite Skirmisher (upgrade) |
| 8:50 | Build | University |
| 9:00 | Research | Gold Mining |
| 10:56 | Build | Monastery |
| 11:08 | Create | Scout Cavalry |
| 11:08 | Create | Scout Cavalry |
| 11:13 | Research | Wheelbarrow |
| 11:14 | Create | Villager (Male) |
| 11:14 | Create | Villager (Male) |
| 11:14 | Create | Villager (Male) |
| 11:14 | Create | Villager (Male) |
| 11:15 | Create | Villager (Male) |
| 11:21 | Create | Villager (Male) |
| 11:21 | Create | Villager (Male) |
| 11:33 | Create | Villager (Male) |
| 11:33 | Create | Villager (Male) |
| 11:46 | Research | Stone Mining |
| 11:51 | Create | Monk |
| 11:51 | Create | Monk |
| 12:22 | Create | Villager (Male) |
| 12:23 | Create | Villager (Male) |
| 12:23 | Create | Villager (Male) |
| 12:23 | Create | Villager (Male) |
| 13:22 | Create | Fishing Ship |
| 13:22 | Create | Fishing Ship |
| 13:22 | Create | Fishing Ship |
| 13:23 | Create | Fishing Ship |
| 13:23 | Create | Fishing Ship |
| 13:23 | Create | Fishing Ship |
| 13:23 | Create | Fishing Ship |
| 13:28 | Create | Monk |
| 13:33 | Research | Bow Saw |
| 14:57 | Create | Knight |
| 14:57 | Create | Knight |
| 14:58 | Create | Knight |
| 14:58 | Create | Knight |
| 15:19 | Create | Villager (Male) |
| 15:19 | Create | Villager (Male) |
| 16:00 | Build | Castle |
| 16:11 | Create | Spearman |
| 16:12 | Create | Spearman |
| 16:12 | Create | Spearman |
| 16:12 | Create | Spearman |
| 16:13 | Create | Spearman |
| 16:41 | Create | Monk |
| 17:32 | Create | Spearman |
| 17:32 | Create | Spearman |
| 18:21 | Create | Villager (Male) |
| 18:21 | Create | Villager (Male) |
| 18:21 | Create | Villager (Male) |
| 18:22 | Create | Villager (Male) |
| 18:22 | Create | Villager (Male) |
| 18:22 | Create | Villager (Male) |
| 18:31 | Create | Fishing Ship |
| 18:32 | Create | Fishing Ship |
| 18:32 | Create | Fishing Ship |
| 18:47 | Research | Gold Shaft Mining |
| 18:53 | Research | Hand Cart |
| 18:53 | Create | Villager (Male) |
| 18:54 | Create | Villager (Male) |
| 18:54 | Create | Villager (Male) |
| 19:43 | Create | Villager (Male) |
| 19:43 | Create | Villager (Male) |
| 19:43 | Create | Villager (Male) |
| 19:43 | Create | Villager (Male) |
| 20:04 | Build | Town Center |
| 20:26 | Build | Town Center |
| 20:48 | Research | Pikeman (upgrade) |
| 20:57 | Build | Fish Trap |
| 20:58 | Build | Fish Trap |
| 20:59 | Build | Fish Trap |
| 21:00 | Build | Fish Trap |
| 21:00 | Build | Fish Trap |
| 21:01 | Build | Fish Trap |
| 21:02 | Build | Fish Trap |
| 21:03 | Build | Fish Trap |
| 21:03 | Build | Fish Trap |
| 21:04 | Build | Fish Trap |
| 21:11 | Create | Villager (Male) |
| 21:11 | Create | Villager (Male) |
| 21:11 | Create | Villager (Male) |
| 21:27 | Build | Fish Trap |
| 22:12 | Create | Throwing Axeman |
| 22:16 | Create | Villager (Male) |
| 22:17 | Create | Villager (Male) |
| 22:17 | Create | Villager (Male) |
| 22:17 | Create | Villager (Male) |
| 22:17 | Create | Villager (Male) |
| 22:29 | Research | Tech 906 |
| 22:49 | Build | Mining Camp |
| 22:54 | Create | Villager (Male) ×5 |
| 22:54 | Create | Villager (Male) ×5 |
Build order — Advi
First 150 of 678 actions detected
| 0:25 | Research | Wheelbarrow |
| 1:07 | Build | Town Center |
| 2:51 | Build | Dock |
| 3:23 | Create | Villager (Male) |
| 3:23 | Create | Villager (Male) |
| 3:24 | Create | Villager (Male) |
| 3:24 | Create | Villager (Male) |
| 3:24 | Create | Villager (Male) |
| 3:32 | Create | Villager (Male) |
| 3:33 | Create | Villager (Male) |
| 3:33 | Create | Villager (Male) |
| 3:33 | Create | Villager (Male) |
| 3:33 | Create | Villager (Male) |
| 3:40 | Build | Stable |
| 4:20 | Build | Mining Camp |
| 4:31 | Research | Double-Bit Axe |
| 4:45 | Build | Farm |
| 4:48 | Build | Farm |
| 4:50 | Build | Farm |
| 4:53 | Build | Farm |
| 4:56 | Build | Farm |
| 4:59 | Build | Farm |
| 5:13 | Create | Villager (Male) |
| 5:13 | Create | Villager (Male) |
| 5:20 | Build | House |
| 5:21 | Build | House |
| 5:22 | Build | House |
| 5:23 | Build | House |
| 5:24 | Build | House |
| 5:24 | Build | House |
| 5:48 | Research | Horse Collar |
| 5:55 | Build | Farm |
| 5:58 | Create | Villager (Male) |
| 5:59 | Create | Villager (Male) |
| 5:59 | Create | Villager (Male) |
| 6:00 | Create | Villager (Male) |
| 6:00 | Create | Villager (Male) |
| 6:01 | Create | Villager (Male) |
| 6:23 | Build | Farm |
| 6:56 | Build | Farm |
| 7:01 | Create | Demolition Raft |
| 7:01 | Create | Demolition Raft |
| 7:01 | Create | Demolition Raft |
| 7:01 | Create | Demolition Raft |
| 7:02 | Create | Demolition Raft |
| 7:02 | Create | Demolition Raft |
| 7:10 | Create | Fishing Ship |
| 7:10 | Create | Fishing Ship |
| 7:10 | Create | Fishing Ship |
| 7:10 | Create | Fishing Ship |
| 7:11 | Create | Fishing Ship |
| 7:31 | Build | Farm |
| 7:39 | Build | Farm |
| 8:14 | Build | Dock |
| 8:21 | Research | Castle Age |
| 8:34 | Research | Gold Mining |
| 8:57 | Build | Palisade Wall |
| 9:00 | Build | Palisade Wall |
| 9:05 | Build | Palisade Wall |
| 9:09 | Build | Palisade Wall |
| 9:13 | Build | Palisade Wall |
| 9:19 | Build | Palisade Wall |
| 9:37 | Create | Fishing Ship |
| 9:38 | Create | Fishing Ship |
| 9:38 | Create | Fishing Ship |
| 9:38 | Create | Fishing Ship |
| 9:39 | Create | Fishing Ship |
| 9:39 | Create | Fishing Ship |
| 9:56 | Research | Stone Mining |
| 10:05 | Create | Villager (Male) |
| 10:05 | Create | Villager (Male) |
| 10:06 | Create | Villager (Male) |
| 10:06 | Create | Villager (Male) |
| 10:06 | Create | Villager (Male) |
| 10:06 | Create | Villager (Male) |
| 10:19 | Build | Lumber Camp |
| 10:57 | Build | Farm |
| 10:59 | Build | Farm |
| 11:01 | Age | Castle Age |
| 11:01 | Build | Farm |
| 11:04 | Build | Farm |
| 11:18 | Create | Villager (Male) |
| 11:19 | Create | Villager (Male) |
| 11:19 | Create | Villager (Male) |
| 11:20 | Create | Villager (Male) |
| 11:27 | Create | Steppe Lancer |
| 11:28 | Create | Steppe Lancer |
| 11:28 | Create | Steppe Lancer |
| 11:28 | Create | Steppe Lancer |
| 11:28 | Create | Steppe Lancer |
| 11:29 | Create | Steppe Lancer |
| 11:29 | Create | Steppe Lancer |
| 11:36 | Build | Stable |
| 11:38 | Build | Stable |
| 11:41 | Build | Stable |
| 12:09 | Research | Scale Barding Armor |
| 12:09 | Research | Forging |
| 12:24 | Build | Fish Trap |
| 12:25 | Build | Fish Trap |
| 12:25 | Build | Fish Trap |
| 12:40 | Build | Castle |
| 12:48 | Build | Lumber Camp |
| 12:53 | Build | House |
| 12:54 | Build | House |
| 12:56 | Build | House |
| 12:56 | Build | House |
| 12:57 | Build | House |
| 12:58 | Build | House |
| 13:00 | Build | House |
| 13:23 | Create | Steppe Lancer |
| 13:23 | Create | Steppe Lancer |
| 13:24 | Create | Steppe Lancer |
| 13:24 | Create | Steppe Lancer |
| 13:24 | Create | Steppe Lancer |
| 13:24 | Create | Steppe Lancer |
| 13:25 | Create | Steppe Lancer |
| 13:25 | Create | Steppe Lancer |
| 13:25 | Create | Steppe Lancer |
| 13:25 | Create | Steppe Lancer |
| 13:25 | Create | Steppe Lancer |
| 13:26 | Create | Steppe Lancer |
| 13:26 | Create | Steppe Lancer |
| 13:33 | Build | Palisade Gate |
| 13:54 | Research | Iron Casting |
| 14:06 | Research | Heavy Plow |
| 15:06 | Research | Chain Barding Armor |
| 15:07 | Create | Steppe Lancer |
| 15:07 | Create | Steppe Lancer |
| 15:07 | Create | Steppe Lancer |
| 15:07 | Create | Steppe Lancer |
| 15:08 | Create | Steppe Lancer |
| 15:08 | Create | Steppe Lancer |
| 15:08 | Create | Steppe Lancer |
| 15:57 | Build | House |
| 15:58 | Build | House |
| 15:59 | Build | House |
| 16:00 | Build | House |
| 16:01 | Build | House |
| 16:02 | Build | House |
| 16:04 | Build | House |
| 16:05 | Build | House |
| 16:05 | Build | House |
| 16:06 | Build | House |
| 16:09 | Research | Bow Saw |
| 16:13 | Create | Steppe Lancer |
| 16:13 | Create | Steppe Lancer |
| 16:13 | Create | Steppe Lancer |
| 16:13 | Create | Steppe Lancer |
| 16:14 | Create | Steppe Lancer |
| 16:14 | Create | Steppe Lancer |
Build order — KLEGE_MOULIKO
First 150 of 470 actions detected
| 0:03 | Create | Villager (Male) |
| 0:03 | Create | Villager (Male) |
| 0:03 | Create | Villager (Male) |
| 0:17 | Research | Double-Bit Axe |
| 0:26 | Build | House |
| 0:27 | Build | House |
| 0:32 | Build | House |
| 0:34 | Build | House |
| 0:45 | Create | Villager (Male) |
| 0:59 | Build | Dock |
| 1:03 | Create | Villager (Male) |
| 1:03 | Create | Villager (Male) |
| 1:11 | Create | Villager (Male) |
| 1:21 | Build | House |
| 1:28 | Create | Villager (Male) |
| 1:44 | Research | Gold Mining |
| 1:49 | Create | Fishing Ship |
| 1:49 | Create | Fishing Ship |
| 2:03 | Build | Palisade Wall |
| 2:08 | Create | Villager (Male) |
| 2:18 | Build | Palisade Wall |
| 2:32 | Create | Fishing Ship |
| 2:33 | Create | Fishing Ship |
| 2:37 | Create | Villager (Male) |
| 2:46 | Build | House |
| 2:47 | Build | House |
| 2:55 | Create | Villager (Male) |
| 3:38 | Create | Villager (Male) |
| 3:38 | Create | Villager (Male) |
| 4:01 | Create | Villager (Male) |
| 4:04 | Create | Fishing Ship |
| 4:19 | Build | House |
| 4:20 | Build | House |
| 4:21 | Build | House |
| 4:47 | Build | Market |
| 4:50 | Build | House |
| 4:54 | Create | Villager (Male) |
| 5:09 | Create | Fishing Ship |
| 5:27 | Create | Villager (Male) |
| 5:35 | Build | Palisade Gate |
| 5:51 | Research | Castle Age |
| 5:54 | Create | Fishing Ship |
| 5:54 | Create | Fishing Ship |
| 6:11 | Build | Dock |
| 6:18 | Create | Villager (Male) |
| 6:26 | Create | Fire Galley |
| 6:52 | Create | Fire Galley |
| 6:52 | Create | Fire Galley |
| 6:52 | Create | Fire Galley |
| 7:12 | Research | Horse Collar |
| 7:31 | Create | Fire Galley |
| 7:31 | Create | Fire Galley |
| 7:38 | Build | Farm |
| 7:40 | Build | Farm |
| 7:44 | Build | Farm |
| 7:48 | Build | Farm |
| 7:51 | Build | Farm |
| 7:56 | Build | Farm |
| 8:02 | Build | Farm |
| 8:18 | Create | Fishing Ship |
| 8:19 | Create | Fishing Ship |
| 8:29 | Create | Villager (Male) |
| 8:33 | Age | Castle Age |
| 8:39 | Build | Town Center |
| 8:46 | Research | Bow Saw |
| 8:49 | Research | Gold Shaft Mining |
| 9:04 | Research | Heavy Plow |
| 9:08 | Create | Villager (Male) |
| 9:19 | Build | Monastery |
| 9:25 | Build | University |
| 9:29 | Create | Villager (Male) |
| 9:33 | Research | Wheelbarrow |
| 9:45 | Create | Villager (Male) |
| 9:45 | Create | Villager (Male) |
| 9:45 | Create | Villager (Male) |
| 9:49 | Create | Villager (Male) |
| 9:49 | Create | Villager (Male) |
| 10:11 | Build | Farm |
| 10:13 | Create | Monk |
| 10:16 | Create | Villager (Male) |
| 10:16 | Create | Villager (Male) |
| 10:16 | Create | Villager (Male) |
| 10:17 | Create | Villager (Male) |
| 10:38 | Build | Palisade Wall |
| 10:55 | Create | Villager (Male) |
| 10:56 | Create | Villager (Male) |
| 10:56 | Create | Villager (Male) |
| 10:59 | Build | Farm |
| 11:30 | Build | Farm |
| 11:35 | Build | Farm |
| 11:39 | Build | Farm |
| 12:19 | Build | Palisade Gate |
| 12:25 | Research | Stone Mining |
| 12:31 | Research | Hand Cart |
| 12:32 | Research | Town Watch |
| 12:33 | Create | Villager (Male) |
| 12:33 | Create | Villager (Male) |
| 12:33 | Create | Villager (Male) |
| 12:33 | Create | Villager (Male) |
| 12:34 | Create | Villager (Male) |
| 12:49 | Build | House |
| 12:49 | Build | House |
| 12:49 | Build | House |
| 12:49 | Build | House |
| 12:50 | Build | House |
| 12:50 | Build | House |
| 12:50 | Build | House |
| 12:52 | Build | House |
| 13:05 | Create | Villager (Male) |
| 13:05 | Create | Villager (Male) |
| 13:05 | Create | Villager (Male) |
| 13:27 | Research | Stone Shaft Mining |
| 13:38 | Build | Mining Camp |
| 13:49 | Create | Villager (Male) |
| 13:49 | Create | Villager (Male) |
| 14:25 | Build | Siege Workshop |
| 14:30 | Build | Siege Workshop |
| 15:04 | Build | Farm |
| 15:07 | Build | Farm |
| 15:09 | Build | Farm |
| 15:12 | Build | Farm |
| 15:19 | Create | Villager (Male) |
| 15:21 | Create | Villager (Male) |
| 15:34 | Research | Imperial Age |
| 15:56 | Create | Villager (Male) |
| 15:56 | Create | Villager (Male) |
| 15:56 | Create | Villager (Male) |
| 16:11 | Build | Farm |
| 16:16 | Build | Farm |
| 16:27 | Build | Market |
| 16:41 | Create | Villager (Male) |
| 16:41 | Create | Villager (Male) |
| 16:41 | Create | Villager (Male) |
| 16:41 | Create | Villager (Male) |
| 16:47 | Create | Mangonel |
| 16:47 | Create | Mangonel |
| 16:50 | Create | Mangonel |
| 16:51 | Create | Mangonel |
| 17:11 | Build | Castle |
| 17:22 | Create | Villager (Male) |
| 17:23 | Create | Villager (Male) |
| 17:23 | Create | Villager (Male) |
| 17:33 | Build | Fish Trap |
| 17:37 | Build | Fish Trap |
| 17:42 | Build | Fish Trap |
| 17:46 | Build | Farm |
| 17:54 | Create | Mangonel |
| 17:55 | Create | Mangonel |
| 18:48 | Age | Imperial Age |
| 18:53 | Build | Fish Trap |
Build order — PerkyCake117159
First 150 of 187 actions detected
| 0:30 | Build | Dock |
| 0:40 | Build | House |
| 0:41 | Build | House |
| 0:44 | Build | House |
| 0:46 | Build | House |
| 0:53 | Create | Spearman |
| 0:54 | Create | Spearman |
| 1:04 | Create | Villager (Male) |
| 1:04 | Create | Villager (Male) |
| 1:04 | Create | Villager (Male) |
| 1:05 | Research | Wheelbarrow |
| 1:34 | Build | Stone Wall |
| 1:54 | Build | Stone Wall |
| 2:34 | Build | Stone Wall |
| 2:57 | Build | Stone Wall |
| 3:45 | Build | Stone Wall |
| 3:59 | Build | Mining Camp |
| 4:18 | Build | Stable |
| 4:30 | Create | Fire Galley |
| 4:31 | Create | Fire Galley |
| 4:48 | Build | Lumber Camp |
| 5:09 | Build | Farm |
| 5:14 | Research | Castle Age |
| 5:30 | Build | Stone Wall |
| 5:53 | Build | House |
| 5:55 | Build | House |
| 5:57 | Build | House |
| 6:26 | Build | Market |
| 6:35 | Create | Spearman |
| 6:55 | Research | Bloodlines |
| 7:08 | Build | Stone Wall |
| 7:13 | Create | Scout Cavalry |
| 7:13 | Create | Scout Cavalry |
| 7:14 | Create | Scout Cavalry |
| 7:14 | Create | Scout Cavalry |
| 7:21 | Research | Scale Barding Armor |
| 7:45 | Create | Fire Galley |
| 7:45 | Create | Fire Galley |
| 8:19 | Build | Farm |
| 8:24 | Research | Horse Collar |
| 8:35 | Research | Husbandry |
| 8:48 | Build | Farm |
| 8:57 | Build | Farm |
| 8:58 | Build | Farm |
| 9:01 | Build | Farm |
| 9:02 | Build | Farm |
| 9:33 | Build | Gate |
| 10:33 | Create | Knight |
| 10:33 | Create | Knight |
| 10:33 | Create | Knight |
| 10:46 | Build | Gate |
| 10:56 | Research | Stone Mining |
| 11:10 | Build | Town Center |
| 11:17 | Create | Villager (Male) |
| 11:55 | Create | Knight |
| 11:55 | Create | Knight |
| 12:31 | Build | Farm |
| 12:33 | Build | Farm |
| 12:35 | Build | Farm |
| 12:42 | Build | Farm |
| 13:01 | Build | Monastery |
| 13:06 | Create | Villager (Male) |
| 13:07 | Create | Villager (Male) |
| 13:07 | Create | Villager (Male) |
| 13:55 | Create | Monk |
| 18:01 | Create | Knight |
| 18:01 | Create | Knight |
| 18:01 | Create | Knight |
| 18:01 | Create | Knight |
| 18:02 | Create | Knight |
| 18:02 | Create | Knight |
| 18:02 | Create | Knight |
| 18:02 | Create | Knight |
| 18:58 | Build | Town Center |
| 19:03 | Create | Villager (Male) |
| 19:03 | Create | Villager (Male) |
| 19:04 | Create | Villager (Male) |
| 19:04 | Create | Villager (Male) |
| 19:04 | Create | Villager (Male) |
| 19:12 | Research | Gold Mining |
| 19:13 | Research | Stone Shaft Mining |
| 19:27 | Build | Castle |
| 20:23 | Create | Knight |
| 20:23 | Create | Knight |
| 22:48 | Build | Farm |
| 22:58 | Research | Imperial Age |
| 23:03 | Create | Konnik |
| 23:03 | Create | Konnik |
| 25:14 | Create | Konnik |
| 25:15 | Create | Konnik |
| 25:15 | Create | Konnik |
| 25:15 | Create | Konnik |
| 25:15 | Create | Konnik |
| 25:15 | Create | Konnik |
| 27:09 | Research | Stirrups |
| 27:11 | Research | Conscription |
| 27:14 | Create | Konnik |
| 27:53 | Build | University |
| 28:01 | Create | Villager (Male) |
| 28:01 | Create | Villager (Male) |
| 28:01 | Create | Villager (Male) |
| 28:02 | Create | Villager (Male) |
| 28:02 | Create | Villager (Male) |
| 28:09 | Research | Hand Cart |
| 28:18 | Research | Forging |
| 29:01 | Create | Villager (Male) |
| 29:02 | Create | Villager (Male) |
| 29:07 | Research | Ballistics |
| 32:32 | Research | Elite Konnik (upgrade) |
| 33:19 | Create | Konnik |
| 33:19 | Create | Konnik |
| 33:19 | Create | Konnik |
| 33:20 | Create | Konnik |
| 33:38 | Build | Krepost |
| 33:50 | Research | Chain Barding Armor |
| 33:53 | Research | Scale Mail Armor |
| 34:17 | Create | Konnik |
| 34:17 | Create | Konnik |
| 34:17 | Create | Konnik |
| 34:51 | Research | Squires |
| 34:56 | Create | Konnik |
| 37:04 | Create | Konnik |
| 37:04 | Create | Konnik |
| 37:04 | Create | Konnik |
| 37:09 | Create | Konnik |
| 37:09 | Create | Konnik |
| 37:10 | Create | Konnik |
| 37:10 | Create | Konnik |
| 37:10 | Create | Konnik |
| 37:10 | Create | Konnik |
| 37:11 | Create | Konnik |
| 37:33 | Build | Mining Camp |
| 38:15 | Create | Konnik |
| 38:15 | Create | Konnik |
| 38:30 | Build | Town Center |
| 38:42 | Create | Konnik |
| 38:42 | Create | Konnik |
| 38:46 | Create | Konnik |
| 38:47 | Create | Konnik |
| 38:47 | Create | Konnik |
| 38:47 | Create | Konnik |
| 39:05 | Build | Archery Range |
| 39:08 | Build | Archery Range |
| 39:13 | Create | Konnik |
| 39:18 | Create | Konnik |
| 41:22 | Research | Elite Skirmisher (upgrade) |
| 41:23 | Create | Skirmisher ×5 |
| 41:24 | Create | Skirmisher ×5 |
| 41:24 | Create | Skirmisher ×5 |
| 41:24 | Create | Skirmisher ×5 |
Build order — Sir Rubo
First 150 of 505 actions detected
| 0:11 | Build | Farm |
| 0:14 | Create | Villager (Male) |
| 0:14 | Create | Villager (Male) |
| 0:14 | Create | Villager (Male) |
| 0:14 | Create | Villager (Male) |
| 0:15 | Create | Villager (Male) |
| 0:45 | Build | Farm |
| 1:50 | Research | Tech 1402 |
| 1:59 | Create | Villager (Male) |
| 2:00 | Create | Villager (Male) |
| 2:00 | Create | Villager (Male) |
| 2:01 | Create | Villager (Male) |
| 2:37 | Build | Settlement |
| 3:11 | Build | Dock |
| 4:05 | Create | Villager (Male) |
| 4:06 | Create | Villager (Male) |
| 4:06 | Create | Villager (Male) |
| 4:06 | Create | Villager (Male) |
| 4:07 | Create | Villager (Male) |
| 4:25 | Build | Settlement |
| 4:40 | Create | Villager (Male) |
| 4:40 | Create | Villager (Male) |
| 4:41 | Create | Villager (Male) |
| 4:41 | Create | Villager (Male) |
| 5:17 | Build | Stone Wall |
| 5:59 | Build | Farm |
| 6:00 | Build | Farm |
| 6:01 | Build | Farm |
| 6:12 | Build | Gate |
| 6:20 | Build | Stone Wall |
| 6:38 | Create | Fishing Ship |
| 6:38 | Create | Fishing Ship |
| 7:12 | Build | Stone Wall |
| 7:25 | Build | Farm |
| 7:26 | Build | Farm |
| 7:26 | Build | Farm |
| 7:27 | Build | Farm |
| 7:29 | Build | Farm |
| 7:54 | Build | Stone Wall |
| 8:17 | Create | Villager (Male) |
| 8:17 | Create | Villager (Male) |
| 8:17 | Create | Villager (Male) |
| 8:32 | Build | Archery Range |
| 8:47 | Build | House |
| 8:49 | Build | House |
| 9:30 | Research | Castle Age |
| 9:47 | Build | Settlement |
| 10:04 | Build | House |
| 10:04 | Build | House |
| 10:04 | Build | House |
| 10:09 | Build | House |
| 10:10 | Build | House |
| 10:11 | Build | House |
| 10:13 | Build | House |
| 10:14 | Build | House |
| 10:15 | Build | House |
| 10:27 | Build | Barracks |
| 10:27 | Build | Barracks |
| 10:38 | Build | Farm |
| 10:38 | Build | Farm |
| 10:39 | Build | Farm |
| 10:44 | Research | Double-Bit Axe |
| 10:50 | Research | Gold Mining |
| 10:56 | Research | Horse Collar |
| 11:34 | Build | Farm |
| 11:35 | Build | Farm |
| 11:41 | Build | Farm |
| 12:23 | Age | Castle Age |
| 12:26 | Build | Monastery |
| 12:39 | Research | Squires |
| 12:41 | Research | Tech 1351 |
| 12:54 | Create | Monk |
| 13:30 | Create | Villager (Male) |
| 13:30 | Create | Villager (Male) |
| 13:30 | Create | Villager (Male) |
| 13:30 | Create | Villager (Male) |
| 13:31 | Create | Villager (Male) |
| 13:41 | Build | Town Center |
| 14:06 | Create | Unit 2586 |
| 14:06 | Create | Unit 2586 |
| 14:06 | Create | Unit 2586 |
| 14:07 | Create | Unit 2586 |
| 14:07 | Create | Unit 2586 |
| 14:08 | Create | Unit 2586 |
| 14:08 | Create | Unit 2586 |
| 14:08 | Create | Unit 2586 |
| 14:09 | Create | Unit 2586 |
| 14:14 | Create | Unit 2586 |
| 14:14 | Create | Unit 2586 |
| 14:14 | Create | Unit 2586 |
| 14:14 | Create | Unit 2586 |
| 14:15 | Create | Unit 2586 |
| 14:22 | Build | Barracks |
| 14:53 | Build | Town Center |
| 15:28 | Build | Castle |
| 16:14 | Create | Villager (Male) |
| 16:14 | Create | Villager (Male) |
| 16:15 | Create | Villager (Male) |
| 16:15 | Create | Villager (Male) |
| 16:15 | Create | Villager (Male) |
| 16:15 | Create | Villager (Male) |
| 16:25 | Create | Villager (Male) |
| 16:25 | Create | Villager (Male) |
| 16:25 | Create | Villager (Male) |
| 16:26 | Create | Villager (Male) |
| 16:42 | Build | Barracks |
| 16:47 | Research | Scale Mail Armor |
| 16:48 | Research | Forging |
| 18:02 | Build | Stone Wall |
| 18:32 | Research | Tech 1365 |
| 18:39 | Create | Villager (Male) |
| 18:39 | Create | Villager (Male) |
| 18:39 | Create | Villager (Male) |
| 18:44 | Create | Villager (Male) |
| 18:45 | Create | Villager (Male) |
| 18:45 | Create | Villager (Male) |
| 18:45 | Create | Villager (Male) |
| 19:02 | Create | Unit 2550 |
| 19:02 | Create | Unit 2550 |
| 19:02 | Create | Unit 2550 |
| 19:04 | Create | Unit 2586 |
| 19:04 | Create | Unit 2586 |
| 19:04 | Create | Unit 2586 |
| 19:04 | Create | Unit 2586 |
| 19:05 | Create | Unit 2586 |
| 19:24 | Build | Farm |
| 19:33 | Create | Villager (Male) |
| 19:33 | Create | Villager (Male) |
| 19:33 | Create | Villager (Male) |
| 19:34 | Create | Villager (Male) |
| 19:40 | Build | Farm |
| 19:46 | Build | Settlement |
| 20:08 | Build | Farm |
| 20:25 | Build | Farm |
| 20:25 | Build | Farm |
| 20:25 | Build | Farm |
| 20:33 | Build | Farm |
| 20:34 | Build | Farm |
| 20:34 | Build | Farm |
| 20:34 | Build | Farm |
| 20:55 | Build | Farm |
| 21:03 | Build | Farm |
| 21:09 | Build | Farm |
| 21:31 | Build | Stone Wall |
| 21:37 | Build | Market |
| 21:37 | Build | Market |
| 21:38 | Build | Market |
| 21:40 | Build | Market |
| 21:46 | Research | Imperial Age |
| 23:23 | Research | Iron Casting |
Build order — andreslcastrom
First 150 of 501 actions detected
| 0:03 | Create | Villager (Male) |
| 0:03 | Create | Villager (Male) |
| 0:03 | Create | Villager (Male) |
| 0:04 | Create | Villager (Male) |
| 0:04 | Create | Villager (Male) |
| 0:35 | Build | Farm |
| 0:59 | Build | Farm |
| 1:05 | Create | Villager (Male) |
| 1:05 | Create | Villager (Male) |
| 1:05 | Create | Villager (Male) |
| 1:24 | Build | House |
| 1:25 | Build | House |
| 1:27 | Build | House |
| 1:35 | Create | Villager (Male) |
| 1:35 | Create | Villager (Male) |
| 1:35 | Create | Villager (Male) |
| 1:50 | Build | Farm |
| 2:04 | Create | Villager (Male) |
| 2:04 | Create | Villager (Male) |
| 2:17 | Build | Farm |
| 2:47 | Build | Farm |
| 2:53 | Create | Villager (Male) |
| 2:54 | Create | Villager (Male) |
| 2:54 | Create | Villager (Male) |
| 2:54 | Create | Villager (Male) |
| 3:04 | Build | House |
| 3:05 | Build | House |
| 3:07 | Build | House |
| 3:52 | Build | Blacksmith |
| 4:28 | Build | Dock |
| 4:58 | Build | Mining Camp |
| 5:26 | Build | Dock |
| 5:30 | Build | Dock |
| 5:34 | Build | Dock |
| 5:49 | Research | Double-Bit Axe |
| 5:52 | Research | Horse Collar |
| 5:57 | Research | Forging |
| 5:58 | Research | Fletching |
| 6:16 | Create | Fishing Ship |
| 6:17 | Create | Fishing Ship |
| 6:17 | Create | Fishing Ship |
| 6:17 | Create | Fishing Ship |
| 6:24 | Create | Villager (Male) |
| 6:24 | Create | Villager (Male) |
| 6:24 | Create | Villager (Male) |
| 6:25 | Create | Villager (Male) |
| 6:46 | Research | Gold Mining |
| 6:50 | Research | Stone Mining |
| 7:47 | Build | Dock |
| 7:49 | Build | Dock |
| 7:58 | Create | Fishing Ship |
| 7:58 | Create | Fishing Ship |
| 7:58 | Create | Fishing Ship |
| 7:58 | Create | Fishing Ship |
| 7:59 | Create | Fishing Ship |
| 8:33 | Build | Lumber Camp |
| 8:43 | Create | Fishing Ship |
| 8:43 | Create | Fishing Ship |
| 8:43 | Create | Fishing Ship |
| 8:43 | Create | Fishing Ship |
| 8:54 | Create | Villager (Male) |
| 8:54 | Create | Villager (Male) |
| 8:55 | Create | Villager (Male) |
| 8:55 | Create | Villager (Male) |
| 8:55 | Create | Villager (Male) |
| 8:56 | Create | Villager (Male) |
| 8:59 | Create | Villager (Male) |
| 9:20 | Build | Dock |
| 9:35 | Create | Villager (Male) |
| 9:36 | Create | Villager (Male) |
| 9:43 | Research | Arson |
| 9:53 | Build | Farm |
| 10:31 | Build | Stable |
| 10:39 | Create | Fishing Ship |
| 10:39 | Create | Fishing Ship |
| 10:39 | Create | Fishing Ship |
| 10:40 | Create | Fishing Ship |
| 10:40 | Create | Fishing Ship |
| 11:32 | Research | Wheelbarrow |
| 11:42 | Build | Watch Tower |
| 12:17 | Build | Lumber Camp |
| 12:21 | Research | Castle Age |
| 12:34 | Create | Spearman |
| 12:34 | Create | Spearman |
| 12:35 | Create | Spearman |
| 12:35 | Create | Spearman |
| 12:35 | Create | Spearman |
| 12:36 | Create | Spearman |
| 12:36 | Create | Spearman |
| 12:36 | Create | Spearman |
| 13:07 | Build | House |
| 13:08 | Build | House |
| 13:08 | Build | House |
| 13:09 | Build | House |
| 13:20 | Build | Watch Tower |
| 14:23 | Age | Castle Age |
| 14:44 | Build | Castle |
| 14:57 | Create | Villager (Male) |
| 14:57 | Create | Villager (Male) |
| 14:58 | Create | Villager (Male) |
| 14:58 | Create | Villager (Male) |
| 14:58 | Create | Villager (Male) |
| 14:59 | Create | Villager (Male) |
| 14:59 | Create | Villager (Male) |
| 14:59 | Create | Villager (Male) |
| 15:00 | Create | Villager (Male) |
| 15:00 | Create | Villager (Male) |
| 16:04 | Create | Villager (Male) |
| 16:05 | Create | Villager (Male) |
| 16:05 | Create | Villager (Male) |
| 16:05 | Create | Villager (Male) |
| 16:37 | Create | Karambit Warrior |
| 16:37 | Create | Karambit Warrior |
| 16:37 | Create | Karambit Warrior |
| 16:37 | Create | Karambit Warrior |
| 16:38 | Create | Karambit Warrior |
| 16:38 | Create | Karambit Warrior |
| 16:38 | Create | Karambit Warrior |
| 16:39 | Create | Karambit Warrior |
| 16:39 | Create | Karambit Warrior |
| 16:39 | Create | Karambit Warrior |
| 16:39 | Create | Karambit Warrior |
| 16:40 | Create | Karambit Warrior |
| 16:40 | Create | Karambit Warrior |
| 16:40 | Create | Karambit Warrior |
| 16:40 | Create | Karambit Warrior |
| 16:41 | Create | Karambit Warrior |
| 16:41 | Create | Karambit Warrior |
| 18:22 | Build | Castle |
| 18:56 | Create | Villager (Male) |
| 18:56 | Create | Villager (Male) |
| 18:56 | Create | Villager (Male) |
| 18:56 | Create | Villager (Male) |
| 18:57 | Create | Villager (Male) |
| 18:57 | Create | Villager (Male) |
| 18:57 | Create | Villager (Male) |
| 19:15 | Create | Karambit Warrior |
| 19:15 | Create | Karambit Warrior |
| 19:15 | Create | Karambit Warrior |
| 19:16 | Create | Karambit Warrior |
| 19:16 | Create | Karambit Warrior |
| 19:16 | Create | Karambit Warrior |
| 19:17 | Create | Karambit Warrior |
| 22:47 | Create | Villager (Male) |
| 22:47 | Create | Villager (Male) |
| 22:48 | Create | Villager (Male) |
| 23:45 | Create | Karambit Warrior |
| 23:46 | Create | Karambit Warrior |
| 23:46 | Create | Karambit Warrior |
| 23:46 | Create | Karambit Warrior |
Build order — Balaputeradewa
First 150 of 286 actions detected
| 0:06 | Create | Villager (Male) |
| 0:06 | Create | Villager (Male) |
| 0:07 | Create | Villager (Male) |
| 0:07 | Create | Villager (Male) |
| 0:07 | Create | Villager (Male) |
| 0:55 | Build | Market |
| 1:13 | Build | Mining Camp |
| 1:20 | Create | Villager (Male) |
| 1:20 | Create | Villager (Male) |
| 1:35 | Build | Mill |
| 1:46 | Build | Mining Camp |
| 1:48 | Create | Villager (Male) |
| 1:49 | Create | Villager (Male) |
| 1:55 | Build | Farm |
| 1:58 | Build | House |
| 1:59 | Build | House |
| 2:02 | Build | House |
| 2:16 | Build | Dock |
| 3:01 | Build | Farm |
| 3:16 | Build | Watch Tower |
| 3:24 | Create | Villager (Male) |
| 3:41 | Build | Watch Tower |
| 3:44 | Create | Villager (Male) |
| 4:08 | Build | Watch Tower |
| 4:25 | Build | Stone Wall |
| 4:35 | Create | Villager (Male) |
| 4:36 | Create | Villager (Male) |
| 4:40 | Research | Castle Age |
| 5:24 | Build | Farm |
| 5:34 | Create | Villager (Male) |
| 5:40 | Create | Villager (Male) |
| 5:59 | Build | Gate |
| 6:41 | Research | Fletching |
| 6:42 | Research | Forging |
| 6:44 | Research | Scale Mail Armor |
| 6:53 | Build | Farm |
| 6:55 | Build | Farm |
| 7:12 | Build | Farm |
| 7:13 | Build | Farm |
| 7:15 | Build | Farm |
| 7:16 | Build | Farm |
| 7:16 | Build | Farm |
| 7:17 | Build | Farm |
| 7:17 | Build | Farm |
| 7:20 | Age | Castle Age |
| 7:50 | Build | Town Center |
| 7:55 | Create | Villager (Male) |
| 7:56 | Create | Villager (Male) |
| 7:58 | Create | Villager (Male) |
| 8:45 | Build | Farm |
| 10:07 | Build | Castle |
| 10:25 | Build | Siege Workshop |
| 10:32 | Build | Gate |
| 10:40 | Build | Stone Wall |
| 10:44 | Build | Gate |
| 12:08 | Create | Samurai |
| 12:08 | Create | Samurai |
| 12:08 | Create | Samurai |
| 12:09 | Create | Samurai |
| 12:09 | Create | Samurai |
| 12:09 | Create | Samurai |
| 12:10 | Create | Samurai |
| 12:10 | Create | Samurai |
| 12:10 | Create | Samurai |
| 12:10 | Create | Samurai |
| 13:04 | Build | Castle |
| 13:10 | Create | Samurai |
| 13:10 | Create | Samurai |
| 13:10 | Create | Samurai |
| 13:25 | Research | Iron Casting |
| 13:44 | Build | Town Center |
| 13:51 | Create | Samurai |
| 13:51 | Create | Samurai |
| 13:51 | Create | Samurai |
| 13:52 | Create | Samurai |
| 13:52 | Create | Samurai |
| 14:50 | Create | Battering Ram |
| 14:50 | Create | Battering Ram |
| 15:20 | Create | Samurai |
| 15:20 | Create | Samurai |
| 15:20 | Create | Samurai |
| 15:21 | Create | Samurai |
| 15:26 | Create | Battering Ram |
| 15:26 | Create | Battering Ram |
| 15:26 | Create | Battering Ram |
| 16:19 | Create | Samurai |
| 16:19 | Create | Samurai |
| 16:19 | Create | Samurai |
| 16:19 | Create | Samurai |
| 16:34 | Create | Villager (Male) |
| 16:35 | Create | Villager (Male) |
| 16:35 | Create | Villager (Male) |
| 16:35 | Create | Villager (Male) |
| 16:35 | Create | Villager (Male) |
| 16:35 | Create | Villager (Male) |
| 16:36 | Create | Villager (Male) |
| 16:36 | Create | Villager (Male) |
| 16:36 | Create | Villager (Male) |
| 16:36 | Create | Villager (Male) |
| 16:36 | Create | Villager (Male) |
| 16:37 | Create | Villager (Male) |
| 17:40 | Create | Battering Ram |
| 17:51 | Build | Mining Camp |
| 17:52 | Create | Villager (Male) |
| 17:52 | Create | Villager (Male) |
| 17:53 | Create | Villager (Male) |
| 17:53 | Create | Villager (Male) |
| 17:53 | Create | Villager (Male) |
| 18:59 | Create | Battering Ram |
| 18:59 | Create | Battering Ram |
| 19:22 | Build | University |
| 20:06 | Create | Samurai |
| 20:07 | Create | Samurai |
| 20:10 | Research | Chain Mail Armor |
| 20:11 | Research | Bodkin Arrow |
| 20:53 | Create | Samurai |
| 20:53 | Create | Samurai |
| 20:53 | Create | Samurai |
| 20:54 | Create | Samurai |
| 20:54 | Create | Samurai |
| 20:56 | Create | Battering Ram |
| 20:57 | Create | Battering Ram |
| 20:57 | Create | Battering Ram |
| 21:59 | Create | Battering Ram |
| 21:59 | Create | Battering Ram |
| 21:59 | Create | Battering Ram |
| 21:59 | Create | Battering Ram |
| 22:26 | Build | Castle |
| 22:33 | Create | Samurai |
| 22:33 | Create | Samurai |
| 22:33 | Create | Samurai |
| 22:33 | Create | Samurai |
| 22:33 | Create | Samurai |
| 22:34 | Create | Samurai |
| 22:34 | Create | Samurai |
| 22:35 | Create | Samurai |
| 22:35 | Create | Samurai |
| 22:35 | Create | Samurai |
| 22:58 | Create | Samurai |
| 22:58 | Create | Samurai |
| 22:58 | Create | Samurai |
| 23:31 | Create | Samurai |
| 23:32 | Create | Samurai |
| 23:32 | Create | Samurai |
| 23:32 | Create | Samurai |
| 23:32 | Create | Samurai |
| 24:05 | Create | Villager (Male) |
| 24:06 | Create | Villager (Male) |
| 24:06 | Create | Villager (Male) |
| 24:06 | Create | Villager (Male) |
Match timeline
| 0:30 | PerkyCake117159 · first_building Dock |
| 0:49 | OLIV3 · first_building Dock |
| 0:59 | KLEGE_MOULIKO · first_building Dock |
| 1:11 | Red · first_building Stable |
| 1:34 | PerkyCake117159 · wall_segment Stone Wall x12 |
| 1:54 | PerkyCake117159 · wall_segment Stone Wall x5 |
| 2:03 | KLEGE_MOULIKO · wall_segment Palisade Wall x13 |
| 2:16 | Balaputeradewa · first_building Dock |
| 2:18 | KLEGE_MOULIKO · wall_segment Palisade Wall x11 |
| 2:34 | PerkyCake117159 · wall_segment Stone Wall x13 |
| 2:51 | Advi · first_building Dock |
| 2:57 | PerkyCake117159 · wall_segment Stone Wall x16 |
| 3:11 | Sir Rubo · first_building Dock |
| 3:31 | OLIV3 · first_building Stable |
| 3:40 | Advi · first_building Stable |
| 3:44 | Red · wall_segment Stone Wall x20 |
| 3:45 | PerkyCake117159 · wall_segment Stone Wall x21 |
| 3:58 | Red · wall_segment Stone Wall x2 |
| 4:03 | Red · wall_segment Stone Wall x9 |
| 4:10 | Red · wall_segment Stone Wall x3 |
| 4:16 | Red · wall_segment Stone Wall x6 |
| 4:18 | PerkyCake117159 · first_building Stable |
| 4:25 | Balaputeradewa · wall_segment Stone Wall x11 |
| 4:28 | andreslcastrom · first_building Dock |
| 5:17 | Sir Rubo · wall_segment Stone Wall x18 |
| 5:30 | PerkyCake117159 · wall_segment Stone Wall x12 |
| 5:34 | Red · wall_segment Stone Wall x5 |
| 5:38 | Red · wall_segment Stone Wall x12 |
| 5:47 | KLEGE_MOULIKO · first_market_buy 100 food |
| 6:12 | OLIV3 · wall_segment Stone Wall x8 |
| 6:20 | Sir Rubo · wall_segment Stone Wall x3 |
| 7:08 | PerkyCake117159 · wall_segment Stone Wall x6 |
| 7:12 | OLIV3 · first_building Archery Range |
| 7:12 | Sir Rubo · wall_segment Stone Wall x7 |
| 7:20 | Balaputeradewa · age_up castle |
| 7:39 | OLIV3 · wall_segment Stone Wall x6 |
| 7:46 | OLIV3 · wall_segment Stone Wall x6 |
| 7:47 | OLIV3 · age_up castle |
| 7:54 | Sir Rubo · wall_segment Stone Wall x14 |
| 8:02 | Balaputeradewa · first_market_buy 100 stone |
| 8:32 | Sir Rubo · first_building Archery Range |
| 8:33 | KLEGE_MOULIKO · age_up castle |
| 8:56 | Red · age_up castle |
| 8:57 | Advi · wall_segment Palisade Wall x14 |
| 9:00 | Advi · wall_segment Palisade Wall x11 |
| 9:05 | Advi · wall_segment Palisade Wall x15 |
| 9:09 | Advi · wall_segment Palisade Wall x8 |
| 9:13 | Advi · wall_segment Palisade Wall x10 |
| 9:19 | Advi · wall_segment Palisade Wall x5 |
| 9:19 | KLEGE_MOULIKO · first_building Monastery |
| 10:07 | Balaputeradewa · first_building Castle |
| 10:25 | Balaputeradewa · first_building Siege Workshop |
| 10:27 | Sir Rubo · first_building Barracks |
| 10:31 | andreslcastrom · first_building Stable |
| 10:38 | KLEGE_MOULIKO · wall_segment Palisade Wall x10 |
| 10:40 | Balaputeradewa · wall_segment Stone Wall x7 |
| 10:56 | OLIV3 · first_building Monastery |
| 11:01 | Advi · age_up castle |
| 12:23 | Sir Rubo · age_up castle |
| 12:26 | Sir Rubo · first_building Monastery |
| 12:40 | Advi · first_building Castle |
| 12:47 | Red · wall_segment Stone Wall x8 |
| 13:01 | PerkyCake117159 · first_building Monastery |
| 13:22 | Balaputeradewa · first_market_sell 100 food |
| 14:21 | Red · first_building Castle |
| 14:23 | andreslcastrom · age_up castle |
| 14:25 | KLEGE_MOULIKO · first_building Siege Workshop |
| 14:44 | andreslcastrom · first_building Castle |
| 15:28 | Sir Rubo · first_building Castle |
| 16:00 | OLIV3 · first_building Castle |
| 17:02 | KLEGE_MOULIKO · first_market_sell 500 wood |
| 17:11 | KLEGE_MOULIKO · first_building Castle |
| 18:02 | Sir Rubo · wall_segment Stone Wall x31 |
| 18:48 | KLEGE_MOULIKO · age_up imperial |
| 19:27 | PerkyCake117159 · first_building Castle |
| 20:15 | Red · age_up imperial |
| 20:43 | Red · first_market_sell 100 food |
| 21:18 | Advi · first_market_sell 100 wood |
| 21:31 | Sir Rubo · wall_segment Stone Wall x8 |
| 24:00 | KLEGE_MOULIKO · first_building Barracks |
| 24:43 | Advi · wall_segment Palisade Wall x1 |
| 24:43 | Red · first_building Siege Workshop |
| 24:56 | Sir Rubo · age_up imperial |
| 26:15 | Advi · age_up imperial |
| 27:40 | OLIV3 · first_building Barracks |
| 30:10 | Red · first_building Archery Range |
| 30:56 | Sir Rubo · wall_segment Stone Wall x17 |
| 31:06 | Advi · first_building Archery Range |
| 31:33 | OLIV3 · age_up imperial |
| 32:56 | Balaputeradewa · age_up imperial |
| 33:38 | PerkyCake117159 · first_building Krepost |
| 36:24 | andreslcastrom · age_up imperial |
| 39:05 | PerkyCake117159 · first_building Archery Range |
| 42:04 | OLIV3 · tribute_sent a jugador 1 |
| 42:04 | OLIV3 · tribute_sent a jugador 3 |
| 42:04 | OLIV3 · tribute_sent a jugador 4 |
| 42:04 | OLIV3 · tribute_sent a jugador 5 |
| 42:04 | OLIV3 · tribute_sent a jugador 6 |
| 42:04 | OLIV3 · tribute_sent a jugador 7 |
| 42:04 | OLIV3 · tribute_sent a jugador 8 |
| 42:23 | OLIV3 · tribute_sent a jugador 1 |
| 42:23 | OLIV3 · tribute_sent a jugador 3 |
| 42:23 | OLIV3 · tribute_sent a jugador 4 |
| 42:23 | OLIV3 · tribute_sent a jugador 5 |
| 42:23 | OLIV3 · tribute_sent a jugador 6 |
| 42:23 | OLIV3 · tribute_sent a jugador 7 |
| 42:23 | OLIV3 · tribute_sent a jugador 8 |
| 43:43 | KLEGE_MOULIKO · first_building Stable |
| 44:27 | Balaputeradewa · resign |
| 56:38 | andreslcastrom · first_building Barracks |
[ AI ANALYSIS · 1 CREDIT ]
What really happened in this match?
Wolo.gg analyzes every decision: build order, eco, micro, common mistakes by bracket. Personalized analysis on WhatsApp or Discord in 30 seconds.
Civ guide
Franks
Map guide
Kawasan
Perfil
Red